 Dungeon Crawl Stone Soup version 0.31-a0-496-g6f97920a28 (webtiles) character file.

Game seed: 11404221885821091498

3192 dinky3 the Covert (level 9, -4/53 HPs)
             Began as a Vampire Enchanter on Aug 9, 2023.
             Was a Follower of Wu Jian.
             Slain by a komodo dragon (29 damage)
             ... on level 8 of the Dungeon.
             The game lasted 00:18:42 (3472 turns).

dinky3 the Covert (Vampire Enchanter)               Turns: 3472, Time: 00:18:42

Health: -4/53      AC: 10    Str:  7    XL:     9   Next: 64%
Magic:  2/16       EV: 13    Int: 23    God:    Wu Jian [*.....]
Gold:   215        SH:  0    Dex: 25    Spells: 4/17 levels left

rFire   . . .        a - +2 dagger (protect)
rCold   + + .        (no shield)
rNeg    + + +        b - +0 robe
rPois   ∞            s - +1 hat
rElec   .            (no cloak)
rCorr   .            (no gloves)
SInv    +            (no boots)
Will    .....        (no amulet)
Stlth   ++++++++     x - +6 ring of intelligence
HPRegen 0.00/turn    e - +6 ring of dexterity
MPRegen 0.15/turn

%: no passive effects
@: under a protective aura, bloodless, inhibited regen
A: bloodless, fangs 3, see invisible, vampiric 2
a: Bat Form, Revivify, Renounce Religion


You were on level 8 of the Dungeon.
You worshipped Wu Jian.
Wu Jian was aware of your devotion.
You visited 1 branch of the dungeon, and saw 10 of its levels.

You collected 215 gold pieces.

Inventory:

Hand Weapons
 a - a +2 dagger of protection (weapon)
 q - a +0 rapier
Armour
 b - a +0 robe (worn)
 j - the +1 ring mail of Ager {Int-5 Dex+5}
   (You found it on level 3 of the Dungeon)

   Int:       It affects your intelligence (-5).
   Dex:       It affects your dexterity (+5).
 m - a scarf of harm
 s - a +1 hat (worn)
Jewellery
 e - a +6 ring of dexterity (right hand)
 x - a +6 ring of intelligence (left hand)
Wands
 c - a wand of acid (1)
 p - a wand of charming (1)
Scrolls
 d - a scroll of amnesia
 f - a scroll of enchant weapon
 g - 3 scrolls of fog
 k - 3 scrolls of teleportation
 l - a scroll of poison
 u - a scroll of acquirement {unknown}
 w - a scroll of blinking {unknown}
Potions
 h - a potion of lignification {unknown}
 i - 2 potions of brilliance
 n - a potion of curing {unknown}
 r - a potion of attraction {unknown}
 t - a potion of mutation {unknown}
 v - 2 potions of heal wounds {unknown}


   Skills:
 + Level 4.9 Fighting
 + Level 7.9 Short Blades
 - Level 2.1 Dodging
 + Level 12.0 Stealth
 - Level 4.8 Spellcasting
 - Level 7.1 Hexes
 - Level 2.0 Transmutations
 - Level 2.0 Earth Magic


You had 4 spell levels left.
You knew the following spells:

 Your Spells              Type           Power      Damage    Failure   Level
a - Confusing Touch       Hex            38%        N/A       1%          3
b - Ensorcelled Hibernat  Hex/Ice        42%        N/A       3%          2
c - Tukima's Dance        Hex            38%        N/A       1%          3
d - Dazzling Flash        Conj/Hex       42%        N/A       7%          3
P - Passwall              Tmut/Erth      11%        N/A       6%          2

Your spell library contained the following spells:

 Spells                   Type           Power      Damage    Failure   Level
 Sandblast                Erth           28%        2d8       4%          1
 Freeze                   Ice            20%        1d4       10%         1
 Cigotuvi's Dreadful Rot  Necr/Pois/Air  10%        N/A       14%         2
 Stone Arrow              Conj/Erth      20%        3d8       19%         3
 Frozen Ramparts          Ice            10%        1d2       28%         3
 Hailstorm                Conj/Ice       5%         3d4       28%         3
 Dispel Undead            Necr           5%         3d7       67%         4
 Death Channel            Necr           2%         N/A       100%        6


Dungeon Overview and Level Annotations

Branches:
Dungeon (10/15) Zot: 26894     Orc (0/2) D:9
 Temple: D:4-7         Lair: D:8-11

Altars:
Cheibriados
Makhleb
Okawaru
Uskayaw
Vehumet
Wu Jian
Xom

Shops:
D:4 :

Annotations:
D:2 Natasha
D:3 exclusions: downstairs and upstairs
D:4 Menkaure
D:8 exclusion: downstairs, Amaemon


Innate Abilities, Weirdness & Mutations

You do not regenerate when monsters are visible.
You are frail without blood (-20% HP).
You can heal yourself when you bite living creatures.
You are immune to poison.
You have razor-sharp teeth.
You have supernaturally acute eyesight. (SInv)
You are afflicted with vampirism and can become a bat while bloodless.


Message History

The wight is destroyed!
The Council accepts your kill.
Casting: Ensorcelled Hibernation (safe; 3% risk of failure)
Confirm with . or Enter, or press ? or * to list all spells.
You don't have enough magic to cast this spell.
Unknown command.
Okay, then.
Okay, then.
Casting: Ensorcelled Hibernation (safe; 3% risk of failure)
Confirm with . or Enter, or press ? or * to list all spells.
Okay, then.
Okay, then.
You hit the komodo dragon but do no damage.
Your weapon exudes an aura of protection.
Aiming: Corrosive Bolt
Press: ? - help, Shift-Dir - straight line, f/p - komodo dragon
Aim: a komodo dragon (ally target, 79% to hit)
The bolt of acid hits the komodo dragon.
The acid corrodes the komodo dragon!
The komodo dragon is lightly wounded.
The komodo dragon barely misses you.
You hit the komodo dragon. You punch the komodo dragon.
The komodo dragon is moderately wounded.
The komodo dragon closely misses you.
Your +0 long sword hits the komodo dragon.
You hit the komodo dragon.
The komodo dragon is heavily wounded.
The komodo dragon bites you!
You hit the komodo dragon. You bite the komodo dragon.
You draw the komodo dragon's blood!
You feel better.
The komodo dragon is heavily wounded.
Your +0 long sword falls from the air.
Aiming: Corrosive Bolt
Press: ? - help, Shift-Dir - straight line, f/p - komodo dragon
Aim: a komodo dragon (heavily wounded, covered in acid, 79% to hit)
The bolt of acid hits the komodo dragon!
The komodo dragon is almost dead.
The komodo dragon bites you!!
Ouch! That really hurt!
You die...

..#............##.....##......##.
..#............##.....##......##.
..#.............#.............#..
..#.............#.............#..
..#.............#.............##.
..#.............#.............##.
..#...).........#................
..#.............#................
..#.............@................
..#............l#.............##.
..#.....).....).#.............##.
..#............)#.............#..
..#..........<[.#.............'..
..#.....##..##)###+##############
..#.....##..##.##.......z.
..#......#......'.........
..#......#......#z........


You could see a komodo dragon (corroded).

Vanquished Creatures
  A two-headed ogre (D:9)
  Pikel (D:4)
  An orange demon (D:8)
  A dancing weapon (D:9)
  3 water moccasins
  An ice beast (D:4)
  An ogre (D:7)
  A centaur (D:6)
  A lemure (D:4)
  A bullfrog (D:7)
  A scorpion (D:7)
  2 wights (D:8)
  A hound (D:6)
  A jelly (D:6)
  2 iguanas (D:6)
  2 orc wizards
  A gnoll (D:7)
  5 adders
  10 dart slugs (D:3)
  12 orcs
  6 ball pythons
  3 bats
  3 endoplasms
  2 giant cockroaches
  6 goblins
  7 hobgoblins
  2 quokkas
  2 kobolds
  7 rats
87 creatures vanquished.

Vanquished Creatures (collateral kills)
  A two-headed ogre (D:8)
  A phantom (D:4)
  A wight (D:8)
  Ijyb (D:4)
4 creatures vanquished.

Vanquished Creatures (others)
  2 dancing weapons
  An ogre (D:9)
3 creatures vanquished.

Grand Total: 94 creatures vanquished

Notes
Turn   | Place    | Note
-------+----------+-------------------------------------------
     0 | D:1      | dinky3 the Vampire Enchanter began the quest for the Orb.
     0 | D:1      | Reached XP level 1. HP: 13/13 MP: 3/3
   157 | D:1      | Reached skill level 5 in Stealth
   157 | D:1      | Reached XP level 2. HP: 17/19 MP: 5/5
   339 | D:1      | Learned a level 2 spell: Ensorcelled Hibernation
   396 | D:2      | Noticed Natasha
   530 | D:2      | Found a snail-covered altar of Cheibriados.
   542 | D:2      | Gained mutation: You are afflicted with vampirism and can
                  | become a bat while bloodless. [Vampire growth]
   542 | D:2      | Reached XP level 3. HP: 24/24 MP: 6/6
   556 | D:2      | Learned a level 3 spell: Dazzling Flash
   832 | D:3      | Found a hide-covered altar of Uskayaw.
   832 | D:3      | Noticed a +0 short sword
   832 | D:3      | Noticed a +0 falchion
   832 | D:3      | Noticed a +0 short sword
   839 | D:3      | Noticed a +0 dagger
   841 | D:3      | Noticed a +0 falchion
   841 | D:3      | Noticed a +0 spear
   842 | D:3      | Noticed a +0 dagger
   842 | D:3      | Noticed a +0 spear
   922 | D:3      | Reached skill level 6 in Stealth
   949 | D:3      | Identified the +1 ring mail of Ager {Int-5 Dex+5}
   977 | D:3      | Reached XP level 4. HP: 30/30 MP: 4/7
  1288 | D:4      | Noticed an ice beast
  1358 | D:4      | Noticed Menkaure
  1572 | D:4      | Found a radiant altar of Vehumet.
  1572 | D:4      | Noticed a phantom
  1695 | D:4      | Found a burning altar of Makhleb.
  1696 | D:4      | Noticed an Executioner
  1717 | D:4      | Found a shimmering altar of Xom.
  1811 | D:5      | Entered Level 5 of the Dungeon
  1825 | D:4      | Noticed Ijyb
  1833 | D:4      | Killed Ijyb
  1834 | D:4      | Reached XP level 5. HP: 20/35 MP: 8/8
  1837 | D:4      | Killed a phantom
  1848 | D:4      | Killed an ice beast
  1849 | D:4      | Reached XP level 6. HP: 31/41 MP: 9/12
  1854 | D:4      | Learned a level 3 spell: Confusing Touch
  1858 | D:4      | Learned a level 3 spell: Tukima's Dance
  1894 | D:4      | Found Liyx's Self-Improvement Boutique.
  1894 | D:4      | Noticed Pikel
  1902 | D:4      | Killed Pikel
  1903 | D:4      | Reached skill level 1 in Fighting
  1903 | D:4      | Reached skill level 7 in Stealth
  1903 | D:4      | Reached skill level 5 in Hexes
  1903 | D:4      | Reached XP level 7. HP: 26/49 MP: 10/14
  1943 | D:4      | Found an ornate altar of the Wu Jian Council.
  1947 | D:4      | Became a worshipper of the Wu Jian Council
  2306 | D:5      | Learned a level 2 spell: Passwall
  2347 | D:5      | Found an iron altar of Okawaru.
  2387 | D:6      | Reached skill level 8 in Stealth
  2539 | D:6      | Reached skill level 5 in Short Blades
  2648 | D:7      | Reached XP level 8. HP: 44/44 MP: 12/15
  2692 | D:7      | Reached skill level 9 in Stealth
  2862 | D:8      | Noticed a two-headed ogre
  2883 | D:8      | Noticed an orange demon
  2884 | D:8      | Noticed a komodo dragon
  2884 | D:8      | Noticed Amaemon
  2898 | D:8      | Killed an orange demon
  2899 | D:8      | Reached skill level 1 in Transmutations
  2899 | D:8      | Reached skill level 1 in Earth Magic
  2926 | D:8      | Killed a two-headed ogre
  2927 | D:8      | Reached skill level 10 in Stealth
  2927 | D:8      | Reached XP level 9. HP: 35/52 MP: 9/16
  3230 | D:9      | Reached skill level 11 in Stealth
  3309 | D:9      | Noticed a two-headed ogre
  3326 | D:9      | Killed a two-headed ogre
  3362 | D:10     | Entered Level 10 of the Dungeon
  3375 | D:9      | Found a staircase to the Orcish Mines.
  3375 | D:9      | Noticed a troll
  3455 | D:8      | Reached * piety under Wu Jian
  3462 | D:8      | Reached skill level 12 in Stealth
  3472 | D:8      | Slain by a komodo dragon

Illustrated notes

Levels and vault maps discovered:
D:1:      scummos_arrival_star, layout_loops_ring,
          amcnicky_mini_corridor_feature
D:2:      layout_basic, basic_altar, uniq_natasha
D:3:      kennysheep_slugbush, layout_basic, nicolae_tso_swordbearing_angel,
          nicolae_uskayaw_en_pointe, zin_academy, kennysheep_generic_room_8
D:4:      layout_loops_ring, mainiacjoe_overflow_24_doors,
          brannock_xom_greatest_gift, nicolae_vehumet_altar_sigil,
          makhleb_altar_promises_db, ebering_ghost_sewer_d,
          nicolae_shop_self_help, uniq_ijyb, uniq_pikel, uniq_menkaure
D:5:      layout_loops_ring, nzn_hepliaklqana_mist_gate, lemuel_tele_altar,
          temple_hall, dk_vineyard_3
D:6:      layout_basic
D:7:      layout_basic, nicolae_ru_path_of_blood, serial_shops, shop,
          kennysheep_potato
D:8:      layout_gridville, lemuel_doored_altar, due_lair_maze_entry_diamond,
          uniq_amaemon, uniq_gastronok
D:9:      layout_loops_ring, lemuel_round_altar,
          kennysheep_orc_monster_closet_entryway
D:10:     layout_loops_ring, mainiacjoe_overflow_chevrons, led_sif_book,
          uniq_josephine, uniq_grum, uniq_snorg, uniq_fannar, uniq_maggie

Skill      XL: |  1  2  3  4  5  6  7  8  9 |
---------------+----------------------------+-----
Stealth        | 5 6 7 8 10 12 | 12.0
Short Blades   | 2 3 4 5 6 7 |  7.9
Spellcasting   | 4 |  4.8
Fighting       | 1 3 4 |  4.9
Hexes          | 5 6 7 |  7.1
Transmutations | 2 |  2.0
Earth Magic    | 2 |  2.0
Dodging        | |  2.1

Action                     |  1- 3 |  4- 6 |  7- 9 || total
---------------------------+-------+-------+-------++-------
  Melee: Dagger            |    80 |    74 |    85 ||   239
         Bite              |     4 |    12 |    12 ||    28
         Punch             |     1 |       |     3 ||     4
   Cast: Ensorcelled Hiber |     4 |     3 |    16 ||    23
         Tukima's Dance    |       |       |     8 ||     8
         Confusing Touch   |       |       |     5 ||     5
         Passwall          |       |       |     2 ||     2
         Dazzling Flash    |       |       |     2 ||     2
Ability: Lunge             |       |       |    11 ||    11
         Exsanguinate      |       |       |     1 ||     1
  Evoke: Wand              |       |     4 |     4 ||     8
    Use: Potion            |     1 |     2 |     2 ||     5
         Scroll            |       |     1 |     8 ||     9
   Stab: Sleeping          |    12 |     9 |    22 ||    43
         Invisible         |       |     1 |       ||     1
         Distracted        |       |     1 |       ||     1
         Confused          |       |       |     5 ||     5
 Armour: Robe              |    20 |     6 |     7 ||    33
  Dodge: Dodged            |    52 |    33 |    46 ||   131

Table legend: (Time is in decaauts)
 A = Elapsed time spent in this place.
 B = Non-inter-level travel time spent in this place.
 C = Inter-level travel time spent in this place.
 D = Time resting spent in this place.
 E = Time spent auto-exploring this place.
 F = Levels seen in this place.
 G = Mean time per level.
                   A        B        C        D        E       F      G
               +--------+--------+--------+--------+--------+-----+--------+
         Total |   3440 |   2857 |    583 |      0 |      0 |  10 |  344.0 |
       Dungeon |   3440 |   2857 |    583 |      0 |      0 |  10 |  344.0 |
               +--------+--------+--------+--------+--------+-----+--------+

Top non-repeatable levels by time:
     D:3: 841 daAuts
     D:4: 601 daAuts
     D:1: 413 daAuts
     D:8: 375 daAuts
     D:7: 282 daAuts
     D:2: 260 daAuts
     D:5: 248 daAuts
     D:6: 245 daAuts
     D:9: 165 daAuts
    D:10: 6 daAuts
